 Dungeon Crawl Stone Soup version 0.24-a0-443-g80245de385 (console) character file.

Game seed: 14193951735122692243

22 Lexodia the Insei (level 2, -3/23 HPs)
             Began as a Gnoll Transmuter on June 21, 2019.
             Slain by a hobgoblin
             ... wielding a +0 club
              (4 damage)
             ... on level 1 of the Dungeon.
             The game lasted 00:00:36 (173 turns).

Lexodia the Insei (Gnoll Transmuter)                 Turns: 173, Time: 00:00:37

Health: -3/23      AC:  2    Str: 12    XL:     2   Next: 91%
Magic:  5/7        EV: 14    Int: 15    God:
Gold:   16         SH:  0    Dex: 15    Spells: 7/10 levels left

rFire    . . .     SeeInvis .     - Unarmed
rCold    . . .     Gourm    .   (no shield)
rNeg     . . .     Faith    .   b - +0 robe
rPois    .         Spirit   .   (no helmet)
rElec    .         Reflect  .   (no cloak)
rCorr    .         Harm     .   (no gloves)
MR       .....                  (no boots)
Stlth    ++........             f - amulet of rage
HPRegen  0.07/turn              (no ring)
MPRegen  0.10/turn              (no ring)

@: appendage, very slightly contaminated
A: distributed training, fangs 1, horns 2, strong nose
a: End Transformation, Evoke Berserk Rage


You were on level 1 of the Dungeon.
You were not hungry.
You had grown temporary horns.
You visited 1 branch of the dungeon, and saw 1 of its levels.

You collected 16 gold pieces.

Inventory:

Missiles
 a - 12 arrows
Armour
 b - a +0 robe (worn)
Jewellery
 f - an amulet of rage (around neck)
Scrolls
 e - a scroll of fear {unknown}
 i - a scroll of remove curse {unknown}
Potions
 c - 2 potions of curing {unknown}
 g - a potion of berserk rage {unknown}
 h - a potion of heal wounds {unknown}
Comestibles
 d - a ration
 j - 2 chunks of flesh


   Skills:
 + Level 2.5 Fighting
 + Level 0.5 Short Blades
 + Level 0.5 Long Blades
 + Level 0.5 Axes
 + Level 0.5 Maces & Flails
 + Level 0.5 Polearms
 + Level 0.5 Staves
 + Level 0.5 Slings
 + Level 0.5 Bows
 + Level 0.5 Crossbows
 + Level 0.5 Throwing
 + Level 0.5 Armour
 + Level 4.5 Dodging
 + Level 0.5 Stealth
 + Level 0.5 Shields
 + Level 6.5 Unarmed Combat
 + Level 4.9 Spellcasting
 + Level 0.4 Conjurations
 + Level 0.4 Hexes
 + Level 0.4 Charms
 + Level 0.4 Summonings
 + Level 0.4 Necromancy
 + Level 0.4 Translocations
 + Level 3.7 Transmutations
 + Level 0.4 Fire Magic
 + Level 0.4 Ice Magic
 + Level 0.4 Air Magic
 + Level 0.4 Earth Magic
 + Level 0.4 Poison Magic
 + Level 0.7 Invocations
 + Level 0.5 Evocations


You had 7 spell levels left.
You knew the following spells:

 Your Spells              Type           Power        Failure   Level  Hunger
a - Beastly Appendage     Tmut           ##....       3%          1    None
b - Sticks to Snakes      Tmut           ##......     5%          2    ##.....

Your spell library contained the following spells:

 Spells                   Type           Power        Failure   Level  Hunger
 Spider Form              Tmut/Pois      #.........   22%         3    ###....
 Ice Form                 Ice/Tmut       #.......     56%         4    ####...
 Blade Hands              Tmut           ##........   69%         5    ######.


Dungeon Overview and Level Annotations

Branches:
Dungeon (1/15)

Altars:


Innate Abilities, Weirdness & Mutations

Your experience applies equally to all skills.
You have very sharp teeth.
Your uncanny sense of smell can sniff out nearby items.
You have a pair of horns on your head.


Message History

You hit the goblin.
You kill the goblin!
A kobold comes into view.
A rat comes into view.
You punch the rat!
You kill the rat!
The hobgoblin misses you.
You see here a goblin corpse.
You are too injured to fight recklessly!
Casting: Beastly Appendage (safe; 3% risk of failure)
Confirm with . or Enter, or press ? or * to list all spells.
You grow a pair of large bovine horns.
The hobgoblin hits you with a +0 club.
* * * LOW HITPOINT WARNING * * *
Huge Dmg: -26%(-6hp) hp: 5%(1hp)
You hit the hobgoblin.
You bite the hobgoblin, but do no damage.
The hobgoblin is almost dead.
You punch the hobgoblin!
You kill the hobgoblin!
The hobgoblin hits you with a +0 club.
You die...

#.##... ..#..!. .....8
#..[.∆ #### #.Kr ..#..
∆ ∆#KS ∆ .....
#(####l####..... ∆
......g@..).....
#####.#.........
##..%........
##............
#########
#...##.##.####
....#...###..#.....#.#
..........####%...?#.#
.#..<..#...###.....#.#
###...###...###.÷....#


You could see a leopard gecko, a hobgoblin, a ball python, 2 kobolds and a rat.

Vanquished Creatures
  2 oozes (D:1)
  A leopard gecko (D:1)
  A bat (D:1)
  A giant cockroach (D:1)
  2 goblins (D:1)
  A hobgoblin (D:1)
  A kobold (D:1)
  A frilled lizard (D:1)
  2 rats (D:1)
12 creatures vanquished.

Notes
Turn   | Place    | Note
-------+----------+-------------------------------------------
     0 | D:1      | Lexodia the Gnoll Transmuter began the quest for the Orb.
     0 | D:1      | Reached XP level 1. HP: 17/17 MP: 6/6
   117 | D:1      | Reached XP level 2. HP: 23/23 MP: 7/7
   121 | D:1      | Learned a level 2 spell: Sticks to Snakes
   145 | D:1      | Huge Dmg: 6 dmg
   146 | D:1      | Huge Dmg: 5 dmg
   154 | D:1      | Huge Dmg: 3 dmg
   171 | D:1      | HP: 1/23 [hobgoblin/+0 club (6)]
   172 | D:1      | Huge Dmg: 6 dmg
   173 | D:1      | Slain by a hobgoblin

Levels and vault maps discovered:
D:1:      dpeg_chamrin_arrival_tetris, layout_rooms, minmay_nonomino_d4

Action                   || total
-------------------------++-------
Melee: Unarmed           ||    28
       Bite              ||     5
       Kick              ||     1
 Cast: Beastly Appendage ||     2
Armor: Robe              ||     4
Dodge: Dodged            ||    22

Table legend:
 A = Non-vault XP
 B = Vault XP
 C = Vault XP percentage of total XP
 D = Non-vault monster count
 E = Vault monster count
 F = Vault count percentage of total count
                 A         B        C        D         E       F
            +---------+---------+-------+---------+---------+-------
      Total |      17 |      15 |  46.9 |       6 |       6 |  50.0
            +---------+---------+-------+---------+---------+-------
        D:1 |      17 |      15 |  46.9 |       6 |       6 |  50.0
            +---------+---------+-------+---------+---------+-------
